[Event "*** Titled Tuesday Blitz"]
[Site "Chess.com"]
[Date "2018.12.04"]
[Round "4"]
[White "Chessmatus"]
[Black "hypert"]
[Result "0-1"]
[WhiteElo "2172"]
[BlackElo "2381"]
[TimeControl "180+2"]
[EndTime "13:51:49 PST"]
[Termination "hypert won by resignation"]

1. d4 Nf6 2. c4 d6 3. Nc3 Nbd7 4. e4 e5 5. Nf3 Be7 6. Be2 O-O 7. O-O c6 8. Qc2 Qe8 9. Be3 Bd8 10. Rad1 Bb6 11.
h3 exd4 12. Nxd4 Nc5 13. f3 d5 14. cxd5 cxd5 15. Ndb5 dxe4 16. b4 exf3 17. Rxf3 Nce4 18. Bxb6 Nxc3 19. Rxc3 axb6 20. Nc7 Qa4 21. Nxa8 Qxa8 22.
Bf3 Be6 23. a3 b5 24. Rd6 Qa7+ 25. Kh1 h6 26. Qd3 Qb8 27. Rb6 Bc4 28. Qf5 Re8 29.
Rc1 Qa7 30. Rxb7 Qxa3 31. Rd1 Qxb4 32. Rc7 Qc3 33. Rc8 Qe3 34. Rxe8+ Qxe8 35. Qc5 g6 36.
Bc6 Qe2 37. Bf3 Qe6 38. Rd8+ Kh7 39. Qf8 Qe1+ 40. Kh2 Qe5+ 41. g3 g5 42. Qh8+ Kg6 43. Rg8+ Kf5 44. Rd8 b4 45. Qxh6 b3 46. Bg4+ Ke4 47.
Qf8 Qb2+ 48. Kg1 Qc1+ 49. Rd1 Qe3+ 50. Kh2 Qf2+ 51. Kh1 Bd5 52. Qe7+ Be6 53. Bxe6 Qf3+ 54. Kh2 Qe2+ 55. Kh1 Qxd1+ 56. Kh2 Qe2+ 57. Kh1 Qf1+ 58. Kh2 Qf2+ 59. Kh1 Qf3+ 60. Kh2 fxe6 61. Qxe6+ Kd4 62. Qd6+ Kc3 63. Qe5+ Kc2 64. Qc5+ Qc3 65. Qxg5 Qd2+ 0-1

[Event "*** Titled Tuesday Blitz"]
[Site "Chess.com"]
[Date "2018.12.04"]
[Round "4"]
[White "snowlord"]
[Black "johnathan113"]
[Result "0-1"]
[WhiteElo "2635"]
[BlackElo "2549"]
[TimeControl "180+2"]
[EndTime "13:51:51 PST"]
[Termination "johnathan113 won by resignation"]

1. c4 c5 2. Nc3 g6 3. g3 Bg7 4. Bg2 Nc6 5. Nf3 Nf6 6. d4 cxd4 7. Nxd4 O-O 8. O-O Qa5 9. Nb3 Qh5 10. e3 d6 11.
Qxh5 Nxh5 12. Nd5 Nf6 13. Rb1 Bf5 14. Nxf6+ Bxf6 15. e4 Be6 16. Nd2 Nb4 17. a3 Nd3 18. b3 Rac8 19. Rd1 b5 20. cxb5 Rc2 21. Bf1 Nxc1 22.
Rbxc1 Rfc8 23. Bc4 Rxc1 24. Rxc1 Bb2 25. Rd1 Bxa3 26.
Bxe6 fxe6 27. Nc4 Bc5 28. Kg2 e5 29. Ra1 Rb8 30. Ra5 Kf7 31. f4 exf4 32. gxf4 Ke6 33. Kf3 Bb4 34. Rxa7 Rxb5 35. Kg4 h5+ 36. Kf3 Bc5 37. f5+ gxf5 38. exf5+ Kf6 39. Rc7 Rxb3+ 40. Ke4 Rh3 41. Rc8 Rh4+ 42. Kd3 Kxf5 43. Rf8+ Ke6 44.
Nd2 Rxh2 45. Nf3 Rh1 46. Ng5+ Kd5 47. Rh8 e5 48. Ke2 e4 49. Re8 Rh2+ 50. Kf1 e3 51. Kg1 Rf2 52. Ne4 Rf8 53. Nc3+ Kc4 54. Rxf8 e2+ 55.
Kg2 0-1

[Event "*** Titled Tuesday Blitz"]
[Site "Chess.com"]
[Date "2018.12.04"]
[Round "4"]
[White "Vamostodorecto"]
[Black "Fighterman91"]
[Result "0-1"]
[WhiteElo "2421"]
[BlackElo "2617"]
[TimeControl "180+2"]
[EndTime "13:51:57 PST"]
[Termination "Fighterman91 won by resignation"]

1. d4 Nf6 2. c4 g6 3. Nc3 d5 4. Bg5 Ne4 5. Nxe4 dxe4 6. Qd2 Bg7 7. e3 c5 8. d5 Nd7 9. Ne2 Ne5 10. Nc3 Bf5 11.
Be2 O-O 12. O-O Qd7 13. f4 exf3 14. gxf3 Bh3 15. Rf2 h6 16. Bf4 Rac8 17. Kh1 g5 18.
Bg3 f5 19. f4 Ng4 20. Bxg4 Bxg4 21. e4 Bd4 22. e5 Bxf2 23. Qxf2 e6 24. Qe3 gxf4 25. Bxf4 Kh7 26. Bxh6 Rg8 27. Bf4 Rg6 28. Rg1 Rcg8 29. Rg3 Bh5 30. Qxc5 Rxg3 31. hxg3 Bf3+ 32. Kg1 Qf7 33. Qf2 Qh5 34. Qh2 Qxh2+ 35. Kxh2 Kg6 36. Kg1 Rc8 37. Kf2 Bh1 38. b3 Bxd5 39. Nxd5 exd5 40.
cxd5 Rc5 41. d6 Kf7 42. Ke3 Ke6 43. Kd3 b5 44. a3 a6 45. Kd4 Rc2 46. Kd3 Ra2 47.
Kc3 Rxa3 48. Kb2 b4 49. Bd2 Ra5 50. Bxb4 Rxe5 51. Ba3 Re3 52. Bc5 Rxg3 53. Kc2 f4 54. Kd2 Rxb3 0-1

[Event "*** Titled Tuesday Blitz"]
[Site "Chess.com"]
[Date "2018.12.04"]
[Round "4"]
[White "Shahinyan_ChessMood"]
[Black "DeviatkinAndrey"]
[Result "0-1"]
[WhiteElo "2661"]
[BlackElo "2672"]
[TimeControl "180+2"]
[EndTime "13:51:59 PST"]
[Termination "DeviatkinAndrey won by resignation"]

1. c4 c6 2. Nf3 d5 3. g3 Bg4 4. Qb3 Bxf3 5. exf3 Qd7 6. d4 e6 7. Nc3 dxc4 8. Bxc4 Nf6 9. O-O Be7 10. Bf4 O-O 11.
Rfe1 Nd5 12. Nxd5 cxd5 13. Bb5 Nc6 14. Rac1 Rfc8 15. Bxc6 Rxc6 16. Rxc6 bxc6 17. Rc1 Rc8 18. Qa4 Qb7 19. b3 h5 20. Be3 h4 21. Kg2 hxg3 22.
hxg3 a6 23. Rc2 Qb5 24. Qxb5 axb5 25. a4 bxa4 26. bxa4 Kf8 27. Kf1 Ke8 28. Ke2 Kd7 29. Rb2 Rc7 30. Kd3 Ra7 31. Ra2 Bb4 32. Kc2 f6 33. f4 Kd6 34. Kb3 Ba5 35. Bc1 Kd7 36. Ba3 Ra8 37. Bc5 Rh8 38. Ka3 Rh1 39. Rb2 Kc7 40. Rc2 Ra1+ 41. Kb3 Rd1 42. Bf8 g6 43. Bg7 Rxd4 44. Bxf6 Rd3+ 45. Ka2 Bb4 46. Be5+ Kb6 47. Rb2 Ra3+ 48. Kb1 Rxa4 49. f3 c5 50. Rh2 Kb5 51. Rh6 d4 52. Rxg6 d3 53. Rxe6 c4 54. Re8 c3 55.
Rb8+ Kc4 56. Rc8+ Kb3 57. Rb8 c2+ 0-1

[Event "*** Titled Tuesday Blitz"]
[Site "Chess.com"]
[Date "2018.12.04"]
[Round "4"]
[White "grzechu96"]
[Black "Marcus_Harvey"]
[Result "1/2-1/2"]
[WhiteElo "2529"]
[BlackElo "2674"]
[TimeControl "180+2"]
[EndTime "13:52:00 PST"]
[Termination "Game drawn - insufficient material"]

1. e4 e6 2. d4 d5 3. Bd3 dxe4 4. Bxe4 Nf6 5. Bf3 c5 6. Ne2 Nc6 7. Be3 cxd4 8. Nxd4 Nxd4 9. Qxd4 Qxd4 10. Bxd4 Be7 11. Nc3 a6 12. O-O-O O-O 13. Na4 Nd7 14. Nb6 Nxb6 15.
Bxb6 e5 16. a4 a5 17. Rd5 Ra6 18. Bc7 f6 19. Rxa5 Rxa5 20. Bxa5 Bc5 21. Bd5+ Kh8 22.
f3 g5 23. Rd1 g4 24. Bc7 Kg7 25. fxg4 Bxg4 26. Bf3 Bxf3 27. gxf3 Kg6 28. c3 Kf5 29. b4 Be3+ 30. Kc2 Kf4 31. Rd3 Rg8 32. a5 Rg2+ 33. Kb3 Rxh2 34. b5 Rh1 35. Kc4 h5 36.
Rd6 Kf5 37. Bd8 Bg5 38. a6 bxa6 39. Rxa6 h4 40. b6 h3 41. b7 Rb1 42. Rb6 Rxb6 43.
Bxb6 h2 44. b8=Q h1=Q 45. Qc8+ Kg6 46. Qc6 Qf1+ 47. Kb3 Qb1+ 48. Kc4 Qa2+ 49. Kd3 Qb1+ 50. Kc4 Kh5 51. Qe4 Qa2+ 52. Kc5 Qe6 53. Kb5 f5 54. Qe2 Bf4 55. c4 Qd7+ 56. Kb4 Qd2+ 57. Qxd2 Bxd2+ 58. Kb3 Kg5 59. Kc2 Bb4 60. c5 Kf4 61. c6 Bd6 62. c7 Bxc7 63. Bxc7 Kxf3 64. Bxe5 Ke3 65. Kd1 f4 66. Bxf4+ 1/2-1/2

[Event "*** Titled Tuesday Blitz"]
[Site "Chess.com"]
[Date "2018.12.04"]
[Round "4"]
[White "BasilSmash"]
[Black "ChainsOfFantasia"]
[Result "0-1"]
[WhiteElo "2380"]
[BlackElo "2373"]
[TimeControl "180+2"]
[EndTime "13:52:05 PST"]
[Termination "ChainsOfFantasia won by resignation"]

1. e4 e6 2. d4 d5 3. Nc3 Nf6 4. e5 Nfd7 5. f4 c5 6. Nf3 Nc6 7. Be3 Be7 8. Qd2 a6 9. dxc5 Bxc5 10. O-O-O b5 11. Nd4 Qb6 12. Qf2 Nxd4 13. Bxd4 Bxd4 14. Qxd4 Qxd4 15. Rxd4 f6 16. exf6 gxf6 17. f5 Nb6 18. fxe6 Bxe6 19. Bd3 O-O 20. Re1 Rae8 21. b3 Bf7 22. Kd2 Rxe1 23. Kxe1 Re8+ 24. Kf2 Re5 25. Ne2 h6 26. Nf4 Kf8 27. g3 Ke7 28. Rb4 Kd6 29.
c3 Be8 30. Ne2 Nd7 31. Rh4 Nc5 32. Bc2 h5 33. Nf4 Ne4+ 34. Bxe4 dxe4 35. Ke3 a5 36.
Ne2 Bg6 37. Rf4 f5 38. Rf2 b4 39. Nf4 Bf7 40. Rd2+ Kc6 41. c4 a4 42. Rd8 axb3 43. axb3 Ra5 44. Rb8 Ra2 45. Rxb4 Rxh2 46. Rb5 Rb2 47.
Ne2 Kd6 48. Nd4 Be8 49. Nxf5+ Kc7 50. Rb4 Bc6 51. Nd4 Ba8 52. Rb5 Rg2 53. Rg5 Rh2 54. c5 h4 55. Rg7+ Kb8 56. gxh4 Rh3+ 57. Ke2 Bd5 58.
b4 Bc4+ 59. Ke1 e3 60. Ne2 Rh2 61. Ng1 Rb2 62. Kd1 Bd3 63. Ne2 Rd2+ 64. Kc1 Rxe2 65. Re7 Re1+ 66. Kb2 e2 67. Kc3 Bb5 68. c6 Rd1 0-1

[Event "*** Titled Tuesday Blitz"]
[Site "Chess.com"]
[Date "2018.12.04"]
[Round "4"]
[White "Superfelix"]
[Black "ChessQueen"]
[Result "1/2-1/2"]
[WhiteElo "2391"]
[BlackElo "2559"]
[TimeControl "180+2"]
[EndTime "13:52:08 PST"]
[Termination "Game drawn by agreement"]

1. e4 e5 2. Nf3 Nc6 3. d4 exd4 4. Nxd4 Nf6 5. Nc3 Bb4 6. Nxc6 bxc6 7. Bd3 O-O 8. O-O d5 9. exd5 cxd5 10. Bg5 c6 11.
Qf3 Rb8 12. Bxf6 Qxf6 13. Qxf6 gxf6 14. Ne2 Bd6 15. b3 Be5 16. Rad1 c5 17. Ng3 Bc3 18.
Nf5 Be6 19. f4 c4 20. Ne7+ Kh8 21. Bf5 Bb4 22. Bxe6 fxe6 23. Nc6 Bc5+ 24. Kh1 Rb6 25. Nd4 cxb3 26. Nxb3 Rc8 27. f5 Be7 28. fxe6 Rxc2 29. Rxd5 Rxa2 30. Nd4 Rd2 31. h4 Rxe6 32. Rc1 Kg8 33.
Rd7 Re4 34. Rcc7 Rxh4+ 35. Kg1 Bf8 36. Ne6 Rxd7 37. Rxd7 Re4 38. Nxf8 Kxf8 39. Rxa7 Re7 40. Ra6 Kf7 41. Kf2 Kg6 42. Kf3 h5 43. g3 Re5 44.
Ra8 Rb5 45. Kg2 Rb4 46. Ra5 h4 47. gxh4 Rxh4 48. Kg3 Re4 49. Kf3 Re1 50. Kf2 Re8 51. Rb5 Rh8 52. Kg2 Rh4 53. Ra5 Rg4+ 54. Kf3 Rg1 55.
Kf2 Rg5 56. Ra8 Rc5 57. Ra4 Kf5 58. Ra6 Ke5 59. Ra4 f5 60. Rb4 Rd5 61. Ra4 Rd2+ 62. Ke3 Rd5 63. Kf3 Rb5 64. Ra3 Kf6 65. Ra6+ Kg5 66.
Ra3 Rb4 67. Kg3 Rg4+ 68. Kf3 Rh4 69. Kg3 f4+ 70. Kg2 Rh7 71. Ra8 Rg7 72. Kf3 Rg6 1/2-1/2

[Event "*** Titled Tuesday Blitz"]
[Site "Chess.com"]
[Date "2018.12.04"]
[Round "4"]
[White "sergeikim"]
[Black "nurmiTV"]
[Result "1-0"]
[WhiteElo "2440"]
[BlackElo "2502"]
[TimeControl "180+2"]
[EndTime "13:52:08 PST"]
[Termination "sergeikim won by resignation"]

1. d4 Nf6 2. c4 e6 3. Nc3 Bb4 4. Qc2 O-O 5. a3 Bxc3+ 6. Qxc3 b6 7. Nf3 Bb7 8. g3 Ne4 9. Qc2 f5 10. Bg2 d6 11. O-O Nd7 12. Ng5 Nxg5 13. Bxb7 Rb8 14. Bg2 Qe7 15. b4 e5 16. dxe5 dxe5 17. Rd1 Rbd8 18. a4 e4 19. a5 Ne5 20. Bb2 Ngf7 21. axb6 axb6 22. Ra7 Nc6 23. Ra4 Nxb4 24. Qb3 Rxd1+ 25.
Qxd1 Rd8 26. Qb3 Nc6 27. h3 Nd4 28. Qe3 c5 29. Kh2 Qg5 30. Qxg5 Nxg5 31. Ra7 Nge6 32. e3 Nf3+ 33. Bxf3 exf3 34. Re7 Rd2 35. Be5 Rxf2+ 36.
Kg1 Rg2+ 37. Kf1 Nd8 38. Rxg7+ Kf8 39. Rg5 Ke7 40. Rxf5 Ke6 41. Rxf3 Rc2 42. Bc7 Nc6 43. Bxb6 Rxc4 44. Rf4 Rc2 45. Rh4 c4 46. Rxh7 Ne5 47. Rc7 Nf3 48. Bd4 Kf5 49. Rf7+ Ke4 50. Rf4+ Kd3 51.
Rxf3 Rc1+ 52. Kg2 c3 53. Bxc3 Kxc3 54. g4 Kd3 55. Kg3 Ke4 56. Rf4+ Kxe3 57. Rf5 Ke4 58.
Kh4 Rh1 59. Rf8 Ke5 60. g5 Ke6 61. Kg4 Ke7 62. Rf6 Rh2 63. h4 Rh1 64. Kh5 Rh2 65.
Rf3 Rh1 66. g6 Rf1 67. Rxf1 1-0

[Event "*** Titled Tuesday Blitz"]
[Site "Chess.com"]
[Date "2018.12.04"]
[Round "4"]
[White "enriquetejedor"]
[Black "GukeshDommaraju"]
[Result "0-1"]
[WhiteElo "2506"]
[BlackElo "2694"]
[TimeControl "180+2"]
[EndTime "13:52:12 PST"]
[Termination "GukeshDommaraju won by resignation"]

1. d4 Nf6 2. Nf3 g6 3. Bf4 Bg7 4. e3 d6 5. h3 O-O 6. Be2 Nbd7 7.
O-O Qe8 8. c4 e5 9. Bh2 Ne4 10.
Nc3 Nxc3 11. bxc3 b6 12. Nd2 Bb7 13. Bf3 Qc8 14. Bxb7 Qxb7 15. Qf3 Qxf3 16. Nxf3 f6 17. a4 a5 18. Rfd1 Kf7 19. Rab1 Ke7 20. Ne1 f5 21. Nc2 Rac8 22. f3 Rfe8 23. Bg3 Bf6 24. Na3 g5 25. Nb5 Kf7 26. Bf2 e4 27. Na7 Rb8 28. Nb5 Rb7 29. Kf1 exf3 30. gxf3 h5 31. Ke2 Be7 32. Kd3 Nf6 33.
Rg1 g4 34. hxg4 fxg4 35. f4 Bd8 36. Bh4 Be7 37. Rh1 Kg6 38. e4 Nxe4 39. f5+ Kxf5 40. Rbf1+ Kg6 41. Kxe4 Bxh4+ 42. Kd5 Bg5 43. Kc6 Rbb8 44.
Kxc7 Rbc8+ 45. Kxb6 Rxc4 46. Kxa5 Ra8+ 47. Kb6 Rcxa4 48.
Re1 Rb8+ 49. Kc6 Ra6+ 50. Kc7 Rxb5 51. Re6+ Bf6 52. Rf1 Rf5 53. Rg1 Ra3 54. Rc1 g3 55.
Rxd6 h4 56. Re6 h3 57. Re3 Bh4 58. Re4 Kh5 59. Rh1 Rxc3+ 60. Kd6 g2 61. Rd1 h2 62.
Re5 Rxe5 63. dxe5 g1=Q 64. Rd5 0-1

[Event "*** Titled Tuesday Blitz"]
[Site "Chess.com"]
[Date "2018.12.04"]
[Round "4"]
[White "AndrewDGreen"]
[Black "jmduque"]
[Result "0-1"]
[WhiteElo "2247"]
[BlackElo "2404"]
[TimeControl "180+2"]
[EndTime "13:52:17 PST"]
[Termination "jmduque won by resignation"]

1. d4 Nf6 2. Nf3 d5 3. Bf4 c5 4.
e3 Nc6 5. Nbd2 e6 6. c3 cxd4 7. exd4 Nh5 8. Be3 Bd6 9. Ne5 g6 10. Nd3 Qc7 11. g3 f5 12. g4 Nf4 13. Bxf4 Bxf4 14. gxf5 exf5 15. Bg2 O-O 16. Bxd5+ Kg7 17. Nxf4 Qxf4 18. O-O Rd8 19. Bg2 Nxd4 20. cxd4 Rxd4 21.
Qe2 Rxd2 22. Qe7+ Kh6 23. Qf8+ Kh5 24. Rac1 Rxf2 25. Rc3 Be6 26. Rh3+ Kg4 27. Rxf2 Rxf8 28. Rxf4+ Kxf4 29. Rh4+ Ke5 30. Rxh7 Bxa2 31. Rxb7 Rf7 32.
Rb4 Be6 33. Rb5+ Kf4 34. Kf2 g5 35. Rb4+ Ke5 36. Rb5+ Kf6 37. Ra5 Re7 38. Ra6 Ke5 39. Ra5+ Kf6 40. Ra6 Rd7 41. b4 Ke5 42. Ra5+ Kd4 43.
Bc6 Rc7 44. b5 Kc5 45. Ra1 Kd6 46. Ke3 Ke5 47. Re1 f4+ 48. Kf3+ Kf5 49. Be4+ Kf6 50. Bc6 Rh7 51. Re2 Rh3+ 52. Kg2 g4 53. Rd2 Ke5 54.
Rb2 Rc3 55. Re2+ Kf6 56. Rd2 Ke5 57. Re2+ Kf6 58. Rd2 Kg5 59. Re2 Bf5 60. Re5 Kf6 61.
Re2 f3+ 0-1

[Event "*** Titled Tuesday Blitz"]
[Site "Chess.com"]
[Date "2018.12.04"]
[Round "4"]
[White "mjray79"]
[Black "Morshynska"]
[Result "1/2-1/2"]
[WhiteElo "2149"]
[BlackElo "2059"]
[TimeControl "180+2"]
[EndTime "13:52:22 PST"]
[Termination "Game drawn - insufficient material"]

1. d4 Nf6 2. c4 e6 3. g3 Bb4+ 4. Bd2 Qe7 5. Nc3 d5 6. cxd5 exd5 7. Nf3 O-O 8. Bg2 c6 9. O-O h6 10. Rc1 Bf5 11. a3 Bd6 12. b4 b5 13. Qb3 a5 14.
Na2 Ne4 15. bxa5 Nxd2 16. Nxd2 Qxe2 17. Qc3 Qd3 18. Nb4 Qxc3 19. Rxc3 Bd7 20. a6 Bxb4 21.
axb4 Nxa6 22. Rb1 Rfe8 23. Nf3 Nxb4 24. Ne5 Bf5 25. Re1 Nc2 26. Rc1 Nxd4 27. Nxc6 Nxc6 28.
Rxc6 Be4 29. R6c5 Rab8 30. Bxe4 dxe4 31. Rb1 b4 32. Rb3 Re7 33. Rc4 f5 34. Rcxb4 Rxb4 35. Rxb4 Kh7 36. Kf1 Rd7 37. Ke2 Kg6 38. Rb6+ Kf7 39.
Rb3 Rd6 40. Ke3 Kf6 41. Kf4 g5+ 42. Ke3 Ke5 43. Rb5+ Rd5 44. Rb8 f4+ 45. gxf4+ gxf4+ 46.
Ke2 f3+ 47. Ke1 Ra5 48. Rh8 Ra1+ 49. Kd2 Ra2+ 50. Ke1 Re2+ 51. Kf1 e3 52. fxe3 Rxh2 53.
Rf8 Ke4 54. Re8+ Kd3 55. e4 Re2 56. e5 Re4 57. Rf8 Ke3 58. Rf5 f2 59. Rxf2 Rxe5 60. Rh2 Rf5+ 61. Kg2 h5 62. Kg3 Ke4 63. Kh4 Kf4 64.
Rf2+ Ke5 65. Rxf5+ Kxf5 66. Kxh5 1/2-1/2

[Event "*** Titled Tuesday Blitz"]
[Site "Chess.com"]
[Date "2018.12.04"]
[Round "4"]
[White "Manukyan_Artak"]
[Black "Wolverine_master"]
[Result "1-0"]
[WhiteElo "2391"]
[BlackElo "2122"]
[TimeControl "180+2"]
[EndTime "13:52:23 PST"]
[Termination "Manukyan_Artak won by resignation"]

1. e4 c5 2. Nf3 d6 3. Bb5+ Bd7 4. Bxd7+ Qxd7 5. c4 Nc6 6. Nc3 g6 7. d4 Bg7 8. d5 Nd4 9. O-O Nxf3+ 10. Qxf3 Nf6 11. h3 O-O 12. Bg5 a6 13. a4 Ne8 14. Qe3 Nc7 15. Bh6 b5 16. Bxg7 Kxg7 17. e5 bxc4 18. Qe4 dxe5 19.
Qxe5+ f6 20. Qe4 Rab8 21. Rfe1 Rxb2 22. Qxc4 Qd6 23. Rad1 Rb4 24. Qe2 Rf7 25. Ne4 Qe5 26. Nxc5 Qxe2 27. Rxe2 Rc4 28. Ne6+ Nxe6 29. dxe6 Rf8 30.
Rd7 Re8 31. Rb2 Rc6 32. Re2 f5 33. g4 Kf6 34. Ra7 fxg4 35. hxg4 Rxe6 36. Rxe6+ Kxe6 37. Rxa6+ Ke5 38. Rb6 Kf4 39. Rb4+ Kf3 40. g5 Ra8 41. Rh4 Ra5 42. Rxh7 Rxg5+ 43. Kf1 Rc5 44. Rf7+ Kg4 45. Rxe7 Ra5 46. Re4+ Kf5 47. Rb4 Ke5 48. Kg2 Ra6 49.
Rb5+ Kf6 50. a5 Kg7 51. Kf3 Rf6+ 52. Ke3 Re6+ 53. Kd4 Rf6 54. Ke3 Re6+ 55. Kf3 Rf6+ 56. Kg3 Ra6 57. Kg4 Kh6 58. f4 Kg7 59. Kg5 Ra7 60. Kg4 Kh7 61. Kf3 Kg7 62. Ke4 Kh6 63. Kd4 Rf7 64. Ke3 Re7+ 65. Re5 Ra7 66. Kd4 Rf7 67. Ke4 Ra7 68. Rb5 Re7+ 69. Kd5 Rf7 70. a6 Rf5+ 71. Kc6 Rxf4 72. a7 Ra4 73. Kb7 g5 74.
Rb6+ Kh5 75. Ra6 Rc4 76. a8=Q g4 77. Qh8+ Kg5 78. Qg8+ Kf4 79. Qxc4+ Kg3 1-0

[Event "*** Titled Tuesday Blitz"]
[Site "Chess.com"]
[Date "2018.12.04"]
[Round "4"]
[White "Sigurbjorn"]
[Black "hansen"]
[Result "0-1"]
[WhiteElo "2500"]
[BlackElo "2779"]
[TimeControl "180+2"]
[EndTime "13:52:26 PST"]
[Termination "hansen won on time"]

1. e4 c5 2. Nf3 e6 3. d4 cxd4 4. Nxd4 a6 5. Bd3 Qb6 6. Nb3 Qc7 7. O-O Nf6 8. f4 d6 9. Qf3 Nc6 10. Nc3 b5 11. Bd2 Bb7 12. Rae1 Be7 13. Qh3 g6 14. f5 gxf5 15. exf5 e5 16. Bg5 Nb4 17. Bxf6 Bxf6 18. a3 Nxd3 19. Qxd3 Rg8 20. Re2 Rd8 21. Nd5 Bxd5 22. Qxd5 Qc4 23. Qf3 d5 24. Rfe1 e4 25. Rxe4+ dxe4 26. Rxe4+ Kf8 27. Rxc4 bxc4 28. Na5 Rd2 29.
Nxc4 Rxc2 30. Qe4 Rc1+ 31. Kf2 h5 32. Nd6 Rc7 33. Qa8+ Kg7 34. Ne8+ Kh6 35. Nxc7 Rxa8 36. Nxa8 Bxb2 37. a4 Kg5 38. Nc7 a5 39. Kf3 Kxf5 40. Nb5 Ke5 41. Ke3 Kd5 42. Kd3 Kc5 43. h3 h4 44. Kc2 Be5 45. Kb3 Kd5 46. Nc3+ Kd4 47.
Nb5+ Kd3 48. Na7 f5 49. Nc6 Bc7 50. Ne7 Ke4 51. Kc4 f4 52. Ng6 Bd8 53. Nf8 Ke3 54. Ne6 Be7 55. Kd5 Bf6 56. Kc4 Be5 57. Ng5 Kf2 58.
Kb5 Bc3 59. Ne4+ Kxg2 60. Nxc3 f3 61. Ne4 Kxh3 62. Kxa5 Kg2 63. Kb5 h3 64. a5 h2 65. a6 h1=Q 66. a7 Qb1+ 67. Ka6 Qxe4 0-1

[Event "*** Titled Tuesday Blitz"]
[Site "Chess.com"]
[Date "2018.12.04"]
[Round "4"]
[White "JonahWillow"]
[Black "Yurovskykh_Oleksandr"]
[Result "1-0"]
[WhiteElo "2684"]
[BlackElo "2488"]
[TimeControl "180+2"]
[EndTime "13:52:30 PST"]
[Termination "JonahWillow won by resignation"]

1. e4 c6 2. d4 d5 3. e5 Bf5 4. h4 h6 5. c4 e6 6. cxd5 cxd5 7. Nc3 Ne7 8. h5 Nec6 9. g4 Bh7 10. Nf3 Be7 11.
Be2 Nd7 12. a3 f6 13. exf6 Bxf6 14. Be3 Nb6 15. O-O O-O 16. Bd3 Bxd3 17. Qxd3 Nc4 18. b3 Nd6 19. Rae1 Rc8 20. Bd2 Re8 21. Qg6 Qd7 22. g5 hxg5 23. Bxg5 Qf7 24. Bxf6 Qxg6+ 25. hxg6 gxf6 26. Ne2 e5 27. dxe5 fxe5 28. Nh4 Rc7 29. f4 exf4 30. Nxf4 Rxe1 31. Rxe1 Re7 32. Rd1 d4 33.
Nf3 Re4 34. Nh5 Rg4+ 35. Kf1 Rxg6 36. Nxd4 Nxd4 37. Rxd4 Kf7 38. Ke2 Rh6 39. Nf4 Ke7 40. Kd3 Kd7 41. a4 Kc6 42. b4 a6 43. Kc3 b5 44. a5 Rh1 45. Kb2 Rh2+ 46. Kc3 Nc4 47. Re4 Ra2 48. Re6+ Kb7 49. Nd3 Ra3+ 50. Kd4 Ka7 51.
Nc5 Ra1 52. Rxa6+ Kb8 53. Rh6 Rd1+ 54. Kc3 Rc1+ 55. Kd4 Rd1+ 56. Ke4 Re1+ 57. Kd5 Rb1 58. Kc6 Ka7 59. Rh7+ Ka8 60. Kxb5 Na3+ 61. Ka4 Nc2 62.
Rh4 Ka7 63. Kb5 Na3+ 64. Kc6 Rc1 65. Rh7+ Ka8 66. Kb6 Nc4+ 67. Ka6 Kb8 68. b5 Ra1 69. Nb3 Ra3 70. Rh3 Nxa5 71. Rh8+ Kc7 72. Nxa5 Ra1 73. b6+ Kd7 74. b7 1-0

[Event "*** Titled Tuesday Blitz"]
[Site "Chess.com"]
[Date "2018.12.04"]
[Round "4"]
[White "goodnigth"]
[Black "MFBerna"]
[Result "1/2-1/2"]
[WhiteElo "2347"]
[BlackElo "2363"]
[TimeControl "180+2"]
[EndTime "13:52:35 PST"]
[Termination "Game drawn by agreement"]

1. e4 c6 2. d4 d5 3. e5 c5 4.
dxc5 Nc6 5. Nf3 Bg4 6. c3 e6 7. Be3 Bxf3 8. Qxf3 Nxe5 9. Bb5+ Nc6 10. O-O Nf6 11. Na3 Be7 12. Rad1 O-O 13. c4 Qc7 14.
Bf4 Qa5 15. Bd2 Qd8 16. Bc3 Bxc5 17. Bxf6 Qxf6 18. Qxf6 gxf6 19. cxd5 Nd4 20. dxe6 fxe6 21. Bc4 Kf7 22. Nb5 Rfd8 23. Nxd4 Rxd4 24. Rxd4 Bxd4 25.
Re1 Re8 26. b3 f5 27. Kf1 Kf6 28. g4 fxg4 29. Re4 Bb6 30. Rxg4 Rd8 31. Ke2 h5 32.
Rh4 Kg5 33. Re4 Rf8 34. f3 Rf6 35. Bxe6 Bc7 36. h4+ Kg6 37. Bc8 b5 38. Ke3 Bb6+ 39. Ke2 Rc6 40. Re6+ Rxe6+ 41. Bxe6 b4 42. f4 Bd8 43. f5+ Kh6 44. Kd3 Bxh4 45. Kc4 Be7 46. f6 Bxf6 47. Kxb4 Kg5 48. Ka5 Bd4 49. Ka6 Kf6 50.
Bh3 Ke5 51. b4 Kd6 52. a4 Kc7 53. Kb5 Bc3 54. Kc4 Be1 55. a5 h4 56. Bg2 Kb8 57. Kc5 Kc7 58. Kb5 Kb8 59. Kc4 Kc7 60. Kc5 Kd7 61. Bh3+ Kc7 62. Bg4 Bf2+ 63. Kb5 Kb8 64.
Ka6 Be1 65. b5 Bf2 66. Bh3 Be3 67. b6 axb6 68. axb6 Bxb6 1/2-1/2

[Event "*** Titled Tuesday Blitz"]
[Site "Chess.com"]
[Date "2018.12.04"]
[Round "4"]
[White "FranciscodelaF"]
[Black "JSMastropiero"]
[Result "1-0"]
[WhiteElo "2348"]
[BlackElo "2166"]
[TimeControl "180+2"]
[EndTime "13:52:52 PST"]
[Termination "FranciscodelaF won by checkmate"]

1. d4 Nf6 2. c4 g6 3. Nf3 Bg7 4. g3 O-O 5. Bg2 d6 6. O-O c6 7.
Nc3 Qa5 8. h3 Be6 9. Qd3 Qa6 10.
b3 d5 11. Nd2 Nbd7 12. e4 dxc4 13. Nxc4 Nb6 14. Ne5 Qxd3 15. Nxd3 Rfd8 16. Be3 a5 17. Rac1 a4 18. d5 Nbxd5 19. exd5 cxd5 20. Nxa4 b5 21. Nac5 Rxa2 22. Nxe6 fxe6 23. Bd4 Ra3 24. Nc5 Kf7 25.
Rfe1 Rd6 26. Ra1 Rxa1 27. Rxa1 Rc6 28. b4 Ne8 29. Bxg7 Kxg7 30. Re1 Kf7 31. f4 Nc7 32.
Ra1 Kf6 33. Kf2 e5 34. fxe5+ Kxe5 35. Re1+ Kd6 36. Ke3 Na6 37. Kd4 Nxb4 38. Re6+ Kc7 39.
Rxe7+ Kb6 40. Rb7+ Ka5 41. Ra7+ Kb6 42. Rb7+ Ka5 43.
Nd3 Nxd3 44. Kxd3 Kb4 45. Bxd5 Rc3+ 46. Kd4 Rxg3 47. Be6 h5 48. Bd7 Rg5 49. Rb6 Ka5 50. Rb8 b4 51. Ke4 Rg3 52. Rb5+ Ka6 53. Rxb4 g5 54. Ke5 g4 55. hxg4 hxg4 56. Bxg4 Re3+ 57. Kd5 Rg3 58. Bf5 Rg5 59. Ke5 Ka5 60. Rb8 Rh5 61.
Kf4 Rh6 62. Ke3 Rb6 63. Ra8+ Kb4 64. Bd3 Kc5 65. Ra5+ Kd6 66. Kd4 Rb4+ 67. Bc4 Rb6 68. Rd5+ Kc6 69. Rh5 Rb4 70. Rh6+ Kd7 71. Kc5 Rb1 72.
Rh7+ Ke8 73. Kd6 Rd1+ 74. Bd5 Rf1 75. Rh8+ Rf8 76. Rh7 Rf6+ 77. Be6 Rf8 78. Ra7 Rf6 79. Ra8# 1-0

[Event "*** Titled Tuesday Blitz"]
[Site "Chess.com"]
[Date "2018.12.04"]
[Round "4"]
[White "c63_amg"]
[Black "Micki-taryan"]
[Result "1/2-1/2"]
[WhiteElo "2622"]
[BlackElo "2894"]
[TimeControl "180+2"]
[EndTime "13:53:02 PST"]
[Termination "Game drawn by repetition"]

1. e4 e5 2. Nf3 Nc6 3. d4 exd4 4. Bc4 Nf6 5. e5 d5 6. Bb5 Ne4 7. Nxd4 Bd7 8. Bxc6 bxc6 9. O-O Be7 10. f3 Nc5 11. f4 O-O 12. Nc3 f5 13. Be3 Ne6 14.
Nxe6 Bxe6 15. Na4 a5 16. Bc5 Rb8 17. c3 Rb5 18. Qd4 Re8 19. b4 Bc8 20. Bxe7 Qxe7 21. Nc5 Rb6 22. a4 Ba6 23. bxa5 Bxf1 24. axb6 cxb6 25.
Nb3 Bc4 26. Qxb6 Qh4 27. Qxc6 Rb8 28. Nd2 Qxf4 29. Nxc4 dxc4 30. Qd5+ Kh8 31. Qd4 Qh6 32. a5 Qa6 33. Qd6 Qa7+ 34. Qd4 Qa6 35. h3 h6 36. Kh2 Rb5 37. Qd6 Qa7 38. Qf8+ Kh7 39. Qxf5+ g6 40. Qe4 Rxa5 41. Rxa5 Qxa5 42. Qb7+ Kh8 43. Qb8+ Kh7 44.
e6 Qg5 45. Qc7+ Kg8 46. e7 Kf7 47. Qxc4+ Kxe7 48. Qc7+ Ke6 49. c4 h5 50. Qc6+ Ke7 51. Qb7+ Ke6 52. Qb6+ Ke7 53. Qb7+ Ke6 54. Qc6+ Ke7 55.
Qc7+ Ke6 56. Qg3 Qf5 57. Qe3+ Kd6 58. Qd4+ Kc6 59. c5 Qxc5 60. Qxc5+ Kxc5 61. Kg3 Kd5 62. Kf4 Ke6 63. Kg5 Kf7 64. Kh6 Kf6 65. g3 Kf5 66.
Kg7 Kg5 67. h4+ Kf5 68. Kh6 Kf6 69. Kh7 Kf5 70. Kh6 Kf6 71. Kh7 Kf7 72. Kh6 Kf6 73.
Kh7 Kf5 74. Kg7 g5 75. hxg5 Kxg5 76. Kh7 Kf6 77. Kh6 h4 78. gxh4 Kf7 79. Kg5 Kg7 80.
h5 Kh7 81. h6 Kh8 82. Kg6 Kg8 83. Kg5 Kh8 84. Kh5 Kh7 85. Kg5 Kh8 86. Kg6 Kg8 87.
Kg5 Kh8 88. Kh5 Kh7 89. Kg5 Kh8 1/2-1/2